← All builds
Pond / Armada / Economy first / OBSERVED BUILD

Standard pond

Standard Pond play: fast Bot Lab and early boosting into Advanced Metal Extractor, sending Tick/Pawn/Blitz to front while tidal-boosting allies throughout.

#eco #team support · 448 distinct matches · 96 players · 59% of Armada Pond games · team won 50% of 510 · Recently observed

HOW TO PLAY IT

Key timing: Bot Lab by 5:42

  1. Open tidal, then wind to start boosting front's economy.
  2. Take mex and keep boosting wind or tidal depending on front's needs.
  3. Get a Bot Lab up, start sending Tick and Pawn to front.
  4. Add Advanced Metal Extractor to scale up team's economy.
  5. Switch to tick spam if enemy reaches T2 front before you do.

Phase by phase

TYPICAL OF ITS 448 GAMES
  1. 1
  2. 2
PLAY THE OPENING

Follow the example game's first 6:00 step by step: what to build now, what comes next, and where it goes. At 1× it keeps pace with your own game.

  1. 1

    Up to the Bot Lab

    Economy
    • Metal Extractor4Mex
    • Wind Turbine10Wind
    • Tidal Generator8Tidalfor allies
    • Tidal Generator1Tidal
    • Energy Storage1Energy storage
    Order
    1. Bot LabBot Lab after 4 mex, 10 wind, 1 energy storagedone ~5:40, middle half 3:31–7:01

    Some games also: converter (44%)

    By 5:10 in all: 4 mex · 10 wind · 1 tidal · 1 energy storage

    The example game in this phase · 6 steps
    1. Tidal ×8for Suicide front
    2. Wind ×5
    3. Mex ×4
    4. Wind ×2
    5. Radar TowerRadar Tower
    6. Bot LabBot Labdone 3:25 · typical 5:40
  2. 2

    Bot Lab to 10:00

    Economy
    • Wind Turbine16Wind
    Builders
    • Construction Turret1 Con turret
    • Construction Bot2 Con bot

    Some games also: tick (49%) · Lazarus (48%) · converter (43%)

    By 10:00 in all: 4 mex · 31 wind · 1 tidal · 4 converter · 1 energy storage · 2 con turret

    The example game in this phase · 92 steps
    1. PawnPawn
    2. Construction BotCon botfor Geo
    3. Construction BotCon bot
    4. Mexfor Suicide front
    5. Construction BotCon bot
    6. Mexfor Suicide front
    7. Wind
    8. LazarusLazarus
    9. Wind
    10. LazarusLazarus
    11. Wind ×2
    12. PawnPawn ×2
    13. Construction BotCon bot ×3
    14. PawnPawn ×3
    15. Bot LabBot Labdone 5:55
    16. PawnPawn ×54
    17. Advanced Metal ExtractorT2 mexdone 9:56 · typical 9:56
    18. PawnPawn ×2
    19. Wind ×2
    20. TickTick ×2
    21. Wind ×11
    22. TickTick
    23. Wind ×2
    24. TickTick ×2
    25. Wind
    26. Advanced Metal ExtractorT2 mex
    27. TickTick ×3
    28. Wind
    29. Con turret
    30. TickTick ×2
    31. Wind
    32. TickTick ×2
    33. Wind
    34. TickTick ×3
    35. Wind
    36. TickTick ×3
    37. Wind
    38. TickTick ×4
    39. Wind
    40. TickTick ×4
    41. Wind
    42. TickTick ×4
    43. Wind
    44. TickTick ×3
    45. Advanced Metal ExtractorT2 mex
    46. Wind
    47. TickTick ×2
    48. Wind
    49. TickTick ×2
    50. Wind
    51. TickTick ×2
    52. Wind
    53. TickTick ×5
    54. Con turret
    55. TickTick ×2
    56. Advanced Metal ExtractorT2 mex
    57. TickTick ×2
    58. Con turret
    59. TickTick ×5
    60. Wind
    61. TickTick
    62. Wind
    63. TickTick
    64. PulsarPulsarnot finished by 15:00
    65. Wind ×4
    66. TickTick ×2
    67. Wind ×3
    68. TickTick ×2
    69. Wind ×2
    70. TickTick ×2
    71. Wind ×2
    72. TickTick
    73. Wind
    74. TickTick
    75. Wind ×2
    76. TickTick
    77. Wind ×3
    78. TickTick
    79. Wind
    80. TickTick
    81. Wind
    82. TickTick
    83. Wind ×2
    84. TickTick
    85. Wind ×2
    86. TickTick
    87. Advanced Metal ExtractorT2 mex
    88. Wind
    89. TickTick
    90. Wind ×2
    91. TickTick ×2
    92. Wind

Counts are medians over the build's games: half of them build more, half fewer. The example game is Leohvm's (51 OS, 17/09/2026); pick another.

Team trades

IN AT LEAST 30% OF ITS GAMES

You hand over

  • Tidal Generator8 Tidal to Suicide front or Frontfirst at 0:10 · in 90% of games

You get

  • Hercules1 Light transport from Air or Techfirst at 4:26 · in 31% of games
  • Hephaestus1 Heavy transport from Air or Techfirst at 4:41 · in 38% of games
  • Fatboy1 Fatboy from Techfirst at 4:59 · in 40% of games
  • Sharpshooter2 Sniper bot from Techfirst at 5:15 · in 42% of games
  • Advanced Construction Bot1 T2 con bot from Techfirst at 8:17 · in 92% of games

How it plays out

Typical game of this build, running totals by minute

Metal produced

010k20k
0:005:0010:0015:00

metal

Enemy metal destroyed

02k4k6k
0:005:0010:0015:00

metal

Own metal lost

02k4k
0:005:0010:0015:00

metal

510 games.

Show as table
ByMetal produced: This buildEnemy metal destroyed: This buildOwn metal lost: This build
1:0011500
2:0027300
3:0081700
4:00151000
5:00223100
6:00298500
7:0038414800
8:0047421276148
9:0056932025379
10:0068722865720
11:00833433171188
12:001029036841616
13:001259342621966
14:001491447802454
15:001745653243030
WHAT THE NUMBERS SAY

This is the role's standard support job, winning slightly under half its games while contributing modest kills for modest losses.

  • + Keeps own losses fairly low relative to kills (2827 destroyed vs 756 lost by 10:00).
  • + Reaches T2 constructor reliably (89% of games) by 8:10.
  • − Metal production trails other roles at 6855 by 10:00.
  • − No kills registered by 5:00, slow to impact the fight.
THE EXAMPLE YOU ARE READING

Leohvm

50.9 OS · 17/09/2026

Open source match ↗

2 received units · includes a constructor
3721 metal received · 4064 energy received

Allied construction assistance is unknown. Timings are observations, not a promise of solo reproducibility.

Typical milestones

Bot Lab5:40Middle 50%: 3:31–7:01 · n=459
Advanced Metal Extractor9:56Middle 50%: 9:01–10:38 · n=460

Played most by

Viltrum41games of this buildTeaner35games of this buildUsurpeR24games of this buildzeus_on_god24games of this buildRogShotz20games of this build
Standard pond · Armada Pond build order · BAR Build Atlas